 Dungeon Crawl Stone Soup version 0.25.0-9-g26727b657a (webtiles) character file.

Game seed: 14563235465571833056

3128 theswoord the Carver (level 9, 0/54 HPs)
             Began as a Demonspawn Gladiator on June 17, 2020.
             Was a Follower of Wu Jian.
             Slain by an orc knight
             ... wielding a +0 battleaxe
              (23 damage)
             ... in a bailey.
             The game lasted 00:18:10 (10290 turns).

theswoord the Carver (Demonspawn Gladiator)        Turns: 10290, Time: 00:18:10

Health: 0/54       AC:  9    Str: 23    XL:     9   Next: 61%
Magic:  0/9        EV: 13    Int: 10    God:    Wu Jian [*.....]
Gold:   295        SH:  0    Dex: 15    Spells: 8/8 levels left

rFire    . . .     SeeInvis .   e - +1 falchion (vorpal)
rCold    . . .     Gourm    .   (no shield)
rNeg     . . .     Faith    .   r - +3 scale mail
rPois    .         Spirit   +   (helmet restricted)
rElec    .         Reflect  .   (no cloak)
rCorr    .         Harm     .   (no gloves)
MR       .....                  (no boots)
Stlth    ..........             (no amulet)
HPRegen  0.18/turn              h - ring of flight
MPRegen  0.11/turn              w - +6 ring of strength

@: no status effects
A: claws 1, horns 1, repulsion field 1, frail 1, magic shield
a: Renounce Religion, Evoke Flight


You were in a bailey.
You worshipped Wu Jian.
Wu Jian was aware of your devotion.
You were not hungry.

You visited 2 branches of the dungeon, and saw 8 of its levels.
You also visited: Bailey.

You collected 295 gold pieces.

Inventory:

Hand Weapons
 a - a +0 long sword
 e - a +1 vorpal falchion (weapon)
 i - a +0 vorpal hand axe
Missiles
 d - 3 throwing nets
 n - 3 silver javelins (quivered)
Armour
 b - a +0 leather armour
 c - a +0 helmet
 k - a +0 scale mail
 r - a +3 scale mail (worn)
Jewellery
 h - a ring of flight (left claw)
 w - a +6 ring of strength (right claw)
Scrolls
 g - 2 scrolls of immolation
 j - 6 scrolls of identify
 l - 2 scrolls of blinking
 m - a scroll of teleportation
 q - 4 scrolls of remove curse
Potions
 o - a potion of degeneration
 p - a potion of flight
 s - 2 potions of brilliance
Comestibles
 f - 6 rations


   Skills:
 - Level 2.0 Fighting
 + Level 12.4 Long Blades
 - Level 1.7 Throwing
 - Level 2.6 Dodging


You had 8 spell levels left.
You didn't know any spells.
Your spell library contained the following spells:

 Spells                   Type           Power        Failure   Level  Hunger
 Shock                    Conj/Air       #...         71%         1    ##.....
 Swiftness                Chrm/Air       #.......     83%         2    ###....
 Confusing Touch          Hex            #.......     97%         3    ####...
 Gell's Gravitas          Tloc           #.........   97%         3    ####...
 Static Discharge         Conj/Air       #.......     97%         3    ####...
 Airstrike                Air            #.........   100%        4    #####..
 Leda's Liquefaction      Hex/Erth       #.........   100%        4    #####..
 Petrify                  Tmut/Erth      #.......     100%        4    #####..
 Bolt of Magma            Conj/Fire/Erth #.........   100%        5    ######.
 Lightning Bolt           Conj/Air       #.........   100%        5    ######.
 Metabolic Englaciation   Hex/Ice        #.........   100%        5    ######.
 Yara's Violent Unravell  Hex/Tmut       #.........   100%        5    ######.
 Iron Shot                Conj/Erth      #.........   100%        6    #######
 Statue Form              Tmut/Erth      #........    100%        6    #######
 Shatter                  Erth           #.........   100%        9    #######


Dungeon Overview and Level Annotations

Branches:
Dungeon (7/15)             Temple (1/1) D:6          Bailey (1/1)

Altars:
Cheibriados
Dithmenos
Elyvilon
Gozag
Hepliaklqana
Kikubaaqudgha
Nemelex Xobeh
Okawaru
Qazlal
Ru
Sif Muna
Vehumet
Wu Jian
Xom
Yredelemnul

Shops:
D:4 *!%   D:5 *   D:6 *


Innate Abilities, Weirdness & Mutations

You have a pair of small horns on your head.
You are surrounded by a mild repulsion field. (EV +2)
When hurt, damage is shared between your health and your magic reserves.
You have sharp fingernails.
You are frail. (-10% HP)


Message History

The orc knight is lightly wounded.
The orc knight hits you with a +0 battleaxe!!
You hit the orc knight but do no damage.
You headbutt the orc knight, but do no damage.
The orc knight is lightly wounded.
Your scale mail prevents you from hitting the orc knight.
The orc knight is lightly wounded.
The orc knight misses you.
You hit the orc knight but do no damage.
The orc knight is lightly wounded.
You hit the orc knight. Your headbutt misses the orc knight.
The orc knight is lightly wounded.
The orc knight hits you with a +0 battleaxe!
* * * LOW HITPOINT WARNING * * *
You hit the orc knight but do no damage.
The orc knight is lightly wounded.
You slash the orc knight! Your headbutt misses the orc knight.
The orc knight is moderately wounded.
The orc knight hits you with a +0 battleaxe!!
You die...

≈≈≈≈≈≈≈≈≈≈)####...KK..####≈≈≈≈≈≈#
≈≈≈≈≈....(.#..####'####..#.≈≈≈≈≈≈
≈≈#......###...^.... ^...###.≈≈≈≈
####.....#.'..####'####..' #..≈≈≈
.......###..# .. #..###..).#
....⌠....#(.# #..#.#...##
.........#'## ####'#..##
#...........#########.......#
####......).Ko@...)...(....##
#############(###########
#.#...##...### ##...#)...#[∩#
#############


You could see an orc knight and a kobold.

Vanquished Creatures
  Prince Ribbit (D:7)
  Sigmund (D:3)
  A water moccasin (D:5)
  2 orc warriors (Bailey)
  3 sky beasts
  A phantom (D:6)
  6 ogres
  A gnoll sergeant (D:5)
  A scorpion (D:5)
  3 wights (D:5)
  A howler monkey (D:6)
  A crimson imp (D:5)
  A centaur zombie (D:6)
  A bullfrog zombie (D:6)
  4 orc priests
  5 orc wizards
  3 hounds
  2 jellies (D:6)
  2 gnoll shamans (D:5)
  Jessica (D:3)
  An iguana (D:5)
  Terence (D:3)
  Natasha (twice) (D:3 D:2)
  4 worker ants
  A hound skeleton (D:6)
  37 gnolls
  5 adders
  2 shadow imps (D:6)
  2 oozes
  An adder skeleton (D:5)
  3 worms
  3 dart slugs
  2 leopard geckos
  21 orcs
  2 giant cockroaches
  4 goblins
  7 hobgoblins
  32 jackals
  4 quokkas
  7 bats
  6 frilled lizards
  13 kobolds
  A leopard gecko skeleton (D:4)
  A leopard gecko zombie (D:7)
  7 rats
  A rat zombie (D:6)
211 creatures vanquished.

Notes
Turn   | Place    | Note
-------+----------+-------------------------------------------
     0 | D:1      | theswoord the Demonspawn Gladiator began the quest for the
                  | Orb.
     0 | D:1      | Reached XP level 1. HP: 16/16 MP: 1/1
   107 | D:1      | Reached skill level 3 in Long Blades
   366 | D:1      | Gained mutation: You have a pair of small horns on your
                  | head. [demonic ancestry]
   366 | D:1      | Reached XP level 2. HP: 11/22 MP: 2/2
  1313 | D:2      | Reached skill level 4 in Long Blades
  1313 | D:2      | Reached XP level 3. HP: 6/27 MP: 3/3
  1537 | D:2      | Found a sacrificial altar of Ru.
  1872 | D:3      | Noticed Natasha
  1876 | D:3      | Killed Natasha
  1876 | D:3      | Reached XP level 4. HP: 22/33 MP: 4/4
  1975 | D:3      | Noticed Jessica
  1987 | D:3      | Killed Jessica
  1987 | D:3      | Reached skill level 5 in Long Blades
  2182 | D:3      | Noticed Natasha
  2203 | D:2      | Killed Natasha
  2203 | D:2      | Reached XP level 5. HP: 13/38 MP: 5/5
  2557 | D:3      | Noticed Sigmund
  2880 | D:3      | Found an opulent altar of Gozag.
  2888 | D:3      | Noticed Terence
  2901 | D:3      | Killed Terence
  3152 | D:3      | Found a white marble altar of Elyvilon.
  3182 | D:3      | Killed Sigmund
  3182 | D:3      | Reached skill level 6 in Long Blades
  3182 | D:3      | Gained mutation: You are surrounded by a mild repulsion
                  | field. (EV +2) [demonic ancestry]
  3182 | D:3      | Reached XP level 6. HP: 41/44 MP: 6/6
  3428 | D:3      | Found a faded altar of an unknown god.
  3671 | D:4      | Found an iron altar of Okawaru.
  3695 | D:4      | Found Veurgh's Food Boutique.
  3737 | D:4      | Found Facvon's Distillery.
  3789 | D:4      | Reached skill level 7 in Long Blades
  4017 | D:4      | Found a sparkling altar of Nemelex Xobeh.
  4091 | D:4      | Reached XP level 7. HP: 50/50 MP: 7/7
  4144 | D:4      | Found Joikheng's General Store.
  4357 | D:5      | Entered Level 5 of the Dungeon
  4387 | D:5      | Reached skill level 8 in Long Blades
  4888 | D:5      | Paralysed by a crimson imp for 2 turns
  4895 | D:5      | Paralysed by a crimson imp for 3 turns
  4903 | D:5      | Paralysed by a crimson imp for 7 turns
  4912 | D:5      | Paralysed by a crimson imp for 3 turns
  5152 | D:5      | Found a stormy altar of Qazlal.
  5153 | D:5      | Noticed an air elemental
  5154 | D:5      | Noticed a water elemental
  5155 | D:5      | Noticed a fire elemental
  5308 | D:5      | Reached skill level 9 in Long Blades
  5308 | D:5      | Gained mutation: When hurt, damage is shared between your
                  | health and your magic reserves. [demonic ancestry]
  5308 | D:5      | Reached XP level 8. HP: 42/56 MP: 8/8
  5850 | D:5      | Found Iharchif's General Store.
  6111 | D:5      | Gained mutation: You are frail. (-10% HP) [potion of
                  | mutation]
  6111 | D:5      | Gained mutation: You have sharp fingernails. [potion of
                  | mutation]
  6996 | D:5      | Reached skill level 10 in Long Blades
  8107 | D:6      | Reached skill level 11 in Long Blades
  8107 | D:6      | Reached XP level 9. HP: 20/54 MP: 4/9
  8752 | D:6      | Found a staircase to the Ecumenical Temple.
  8848 | Temple   | Entered the Ecumenical Temple
  8979 | Temple   | Became a worshipper of the Wu Jian Council
  9057 | D:6      | Found Iclepoe's Assorted Antiques.
  9248 | D:6      | Found a shadowy altar of Dithmenos.
  9362 | D:6      | Found an ancient bone altar of Kikubaaqudgha.
  9455 | D:7      | Noticed Prince Ribbit
  9476 | D:7      | Killed Prince Ribbit
  9476 | D:7      | Reached skill level 12 in Long Blades
  9665 | D:7      | Found a flagged portal.
  9672 | Bailey   | Entered a bailey
  9808 | Bailey   | Noticed an orc knight
  9819 | Bailey   | Noticed an orc knight
  9930 | Bailey   | Reached * piety under Wu Jian
 10290 | Bailey   | Slain by an orc knight

Skill      XL: |  1  2  3  4  5  6  7  8  9 |
---------------+----------------------------+-----
Long Blades    | 3 4 5 6 7 9 11 12 | 12.4
Fighting       | |  2.0
Throwing       | |  1.7
Dodging        | |  2.6

Action                   |  1- 3 |  4- 6 |  7- 9 || total
-------------------------+-------+-------+-------++-------
Melee: Long sword        |    74 |   117 |   207 ||   398
       Headbutt          |     9 |    25 |   141 ||   175
       Falchion          |       |       |   287 ||   287
Throw: Throwing net      |       |     3 |     1 ||     4
       Javelin           |       |       |     7 ||     7
Invok: Lunge             |       |       |     9 ||     9
       Whirlwind         |       |       |     3 ||     3
  Use: Potion            |     2 |     2 |     9 ||    13
       Scroll            |       |    10 |     2 ||    12
 Stab: Invisible         |     1 |       |     3 ||     4
       Held in net/web   |       |     2 |       ||     2
  Eat: Chunk             |     3 |     7 |     8 ||    18
       Ration            |       |       |     4 ||     4
Armor: Leather armour    |     5 |       |       ||     5
       Scale mail        |    24 |    37 |   127 ||   188
       Skin              |       |       |    52 ||    52
Dodge: Dodged            |    45 |    84 |   363 ||   492
       Rpst.: Long sword |    21 |    13 |    53 ||    87
       Falchion          |       |       |    31 ||    31

Levels and vault maps discovered:
D:1:      dpeg_arrival_line_fractal, layout_loops_ring
D:2:      layout_basic, marbit_many_paths, first_ration
D:3:      layout_rooms, lemuel_round_altar, old_standard_altar,
          chequers_ecumenical_altar_simple_redux, uniq_natasha, uniq_terence,
          uniq_jessica, uniq_sigmund
D:4:      layout_gridville, lemuel_crystal_altar,
          nemelex_xobeh_ov_fountains_minmay, serial_shops, kennysheep_mini,
          nicolae_shop_stone, nicolae_shop_competitors_out_of_business
D:5:      lemuel_castle_with_subvaults [lemuel_castle_interior_carwin_2],
          layout_loops_ring, nicolae_qazlal_style_of_elements, serial_shops,
          nicolae_shop_temple_entry_statues_fountains, lightli_minifort
D:6:      layout_rooms, lemuel_zombie_altar_kikubaaqudgha,
          grunt_dithmenos_shadows, minmay_temple_entry_fiery, serial_shops,
          shop, kennysheep_generic_room_14
D:7:      layout_basic, enter_bailey_2, trog_butcher_becter, uniq_prince_ribbit1
Temple:   minmay_temple_forest_path
Bailey:   bailey_axe_4, bailey
